 Dungeon Crawl Stone Soup version 0.20.0-15-g7f486f2 (webtiles) character file.

289 Rawrsnax the Shield-Bearer (level 6, 0/48 HPs)
             Began as a Formicid Fighter on June 11, 2017.
             Was a Priest of Cheibriados.
             Slain by a ball python (1 damage)
             ... in a sewer.
             The game lasted 00:18:28 (2479 turns).

Rawrsnax the Shield-Bearer (Formicid Fighter)       Turns: 2479, Time: 00:18:28

Health: 0/48       AC: 12    Str: 28    XL:     6   Next: 58%
Magic:  6/6        EV: 12    Int: 14    God:    Cheibriados [***...]
Gold:   125        SH: 11    Dex: 21    Spells: 5/5 levels left

rFire    . . .     SeeInvis +   z - +2 short sword (elec)
rCold    . . .     Gourm    .   c - +0 shield
rNeg     . . .     Faith    .   g - +0 ring mail
rPois    .         Spirit   .   (helmet unavailable)
rElec    .         Reflect  .   (no cloak)
rCorr    .         Harm     .   (no gloves)
MR       .....                  (no boots)
Stlth    +.........             (no amulet)
Regen    0.2/turn               x - +6 ring of protection
MPRegen  0.1/turn               (no ring)

@: agile, constricted, very slow
A: permanent stasis, dig shafts and tunnels, four strong arms, antennae 3
a: Dig, Shaft Self, Bend Time, Temporal Distortion, Renounce Religion


You were in a sewer.
You worshipped Cheibriados.
Cheibriados was most pleased with you.
You were not hungry.

You visited 1 branch of the dungeon, and saw 4 of its levels.
You also visited: Sewer.

You collected 125 gold pieces.

Inventory:

Hand Weapons
 a - a +1 quarterstaff
 e - a +0 hand axe
 n - a cursed -3 short sword
 t - a +0 mace
 v - a +0 halberd
 z - a +2 short sword of electrocution (weapon)
Missiles
 j - a throwing net (quivered)
 s - 12 arrows
 D - 38 bolts
Armour
 b - a +0 scale mail
 c - a +0 shield (worn)
 g - a +0 ring mail (worn)
 i - a +0 ring mail
 u - a +0 scale mail
 w - a +0 ring mail
 K - a +0 scale mail
Magical Staves
 E - an uncursed staff of fire
Jewellery
 x - a +6 ring of protection (left hand)
Scrolls
 h - 2 scrolls of recharging {unknown}
 l - a scroll of fear {unknown}
 o - 4 scrolls of identify {unknown}
 p - a scroll of immolation {unknown}
 y - a scroll of noise {unknown}
 B - 3 scrolls of teleportation
 C - 2 scrolls of random uselessness {unknown}
 F - a scroll of remove curse {unknown}
 L - a scroll of fog {unknown}
 M - a scroll of blinking {unknown}
Potions
 d - a potion of might
 k - a potion of lignification
 q - a potion of agility
 r - a potion of resistance {unknown}
 A - a potion of curing
 H - a potion of brilliance {unknown}
 I - a potion of heal wounds {unknown}
 J - a potion of haste {unknown}
Comestibles
 f - 2 bread rations
 m - 6 fruits
 G - 9 chunks of flesh


   Skills:
 + Level 4.1 Fighting
 + Level 2.2 Short Blades
 + Level 0.4(1.7) Polearms
 + Level 2.8 Staves
 + Level 4.5 Armour
 + Level 1.0 Dodging
 + Level 1.1 Stealth
 + Level 5.0 Shields
 + Level 0.2 Invocations


You had 5 spell levels left.
You didn't know any spells.

Dungeon Overview and Level Annotations

Branches:
Dungeon (4/15)
 Temple: D:4-7

Altars:
Cheibriados


Innate Abilities, Weirdness & Mutations

You cannot be hasted, slowed, berserked, paralysed or teleported.
You can dig through walls and to a lower floor.
Your four strong arms can wield two-handed weapons with a shield.
You have a pair of large antennae on your head. (SInv)


Message History

You see here a ball python corpse.
You block the bullfrog's attack.
The ball python bites you but does no damage.
You block the ball python's attack. The bullfrog misses you.
The bullfrog hits you but does no damage.
You block the ball python's attack. The ball python completely misses you.
The bullfrog hits you but does no damage.
The ball python barely misses you. The ball python misses you.
The bullfrog misses you. The bullfrog hits you.
* * * LOW HITPOINT WARNING * * *
The ball python barely misses you. The ball python closely misses you.
The ball python bites you but does no damage.
You block the ball python's attack. x2; The ball python misses you.
The bullfrog closely misses you. The ball python barely misses you.
The ball python grabs you. The ball python constricts you.
The bullfrog hits you.
* * * LOW HITPOINT WARNING * * *
The ball python bites you.
You die...

##### ####...####
####.........####
##...............##
#.........#.......#
##......##'##......##
#......##..###......#
##≈≈S≈.##..# #.≈÷≈≈.#
#≈≈≈F@≈##### #≈≈≈÷≈≈#
#≈≈≈FSS# #≈≈≈≈≈≈#
#≈≈≈†≈≈# #≈≈≈≈≈≈#
#≈≈≈≈≈≈# #≈≈≈≈≈≈#
#≈≈≈≈≈≈# #≈≈≈≈≈≈#
#≈#≈≈≈≈# ##≈≈≈≈≈#
#≈≈≈≈≈≈# #≈≈..≈≈#
#≈.≈≈≈≈# #≈≈≈≈≈≈#
#≈.≈≈≈≈# #≈≈≈≈≈≈#


You could see 2 bullfrogs and 3 ball pythons.

Vanquished Creatures
  The ghost of fantismo the Slinger, an amateur HaHu of the Shining One (Sewer)
  Terence (D:2)
  An adder (Sewer)
  6 river rats
  2 oozes (Sewer)
  2 worms
  5 dart slugs
  A leopard gecko (D:2)
  13 ball pythons
  5 hobgoblins
  4 kobolds
  A quokka (D:2)
  5 bats
  A frilled lizard (Sewer)
  2 goblins
  25 rats
75 creatures vanquished.

Notes
Turn   | Place    | Note
-------+----------+-------------------------------------------
     0 | D:1      | Rawrsnax the Formicid Fighter began the quest for the Orb.
     0 | D:1      | Reached XP level 1. HP: 18/18 MP: 1/1
   187 | D:1      | Reached XP level 2. HP: 15/24 MP: 2/2
   519 | D:1      | Reached XP level 3. HP: 26/29 MP: 3/3
   669 | D:2      | Found a faded altar of an unknown god.
   689 | D:2      | Became a worshipper of Cheibriados the Contemplative
   689 | D:2      | Reached * piety under Cheibriados
   697 | D:2      | Noticed Terence
   718 | D:2      | Killed Terence
   718 | D:2      | Reached XP level 4. HP: 22/37 MP: 0/4
   902 | D:2      | Found a snail-covered altar of Cheibriados.
  1107 | D:3      | Reached skill level 4 in Shields
  1503 | D:4      | Found a glowing drain.
  1537 | Sewer    | Entered a sewer
  1575 | Sewer    | Reached ** piety under Cheibriados
  1616 | Sewer    | Reached XP level 5. HP: 37/42 MP: 5/5
  1832 | Sewer    | Reached skill level 1 in Short Blades
  2060 | Sewer    | Noticed fantismo's ghost (amateur HaHu)
  2093 | Sewer    | Killed fantismo's ghost
  2093 | Sewer    | Reached skill level 1 in Dodging
  2093 | Sewer    | Reached skill level 1 in Stealth
  2093 | Sewer    | Reached skill level 5 in Shields
  2093 | Sewer    | Reached XP level 6. HP: 10/48 MP: 2/6
  2370 | Sewer    | Reached *** piety under Cheibriados
  2479 | Sewer    | HP: 1/48 [bullfrog (2)]
  2479 | Sewer    | Slain by a ball python

Skill      XL: |  1  2  3  4  5 |
---------------+----------------+-----
Armour         | 4 |  4.5
Shields        | 4 5 |  5.0
Short Blades   | 2 |  2.2
Fighting       | 4 |  4.1
Dodging        | 1 |  1.0
Stealth        | 1 |  1.1
Polearms       | |  0.4
Staves         | |  2.8
Invocations    | |  0.2

Action                   |  1- 3 |  4- 6 || total
-------------------------+-------+-------++-------
Melee: Quarterstaff      |    59 |     1 ||    60
       Short sword       |       |   180 ||   180
       Halberd           |       |     3 ||     3
Invok: Bend Time         |     1 |     1 ||     2
 Abil: Dig               |       |     4 ||     4
  Use: Scroll            |     2 |       ||     2
       Potion            |       |     5 ||     5
  Eat: Chunk             |       |     2 ||     2
       Meat ration       |       |     1 ||     1
       Fruit             |       |     1 ||     1
Armor: Ring mail         |    13 |   155 ||   168
       Skin              |       |    11 ||    11
Dodge: Dodged            |    22 |   175 ||   197
Block: Shield            |    39 |   172 ||   211
